 Dungeon Crawl Stone Soup version 0.32-a0-675-gdc239d62e1 (webtiles) character file.

Game seed: 3877821948192024762

14 AeshMezareph the Sneak (level 2, 0/13 HPs)
             Began as a Vine Stalker Enchanter on Mar 11, 2024.
             Slain by a jackal (3 damage)
             ... on level 1 of the Dungeon.
             The game lasted 00:01:01 (323 turns).

AeshMezareph the Sneak (Vine Stalker Enchanter)      Turns: 323, Time: 00:01:02

Health: 0/13       AC:  2    Str: 10    XL:     2   Next: 41%
Magic:  0/6        EV: 12    Int: 15    God:
Gold:   25         SH:  0    Dex: 14    Spells: 5/5 levels left

rFire   . . .        a - +1 dagger
rCold   . . .        (no shield)
rNeg    . . .        b - +0 robe
rPois   .            (no helmet)
rElec   .            (no cloak)
rCorr   .            (no gloves)
SInv    .            (no boots)
Will    .....        (no amulet)
Stlth   ++           (no ring)
HPRegen 1.02/turn    (no ring)
MPRegen 0.10/turn

%: guardian spirit
@: no status effects
A: fangs 2, regeneration 1, magic shield, antimagic bite, no potion heal 2
a: no special abilities


You were on level 1 of the Dungeon.
You visited 1 branch of the dungeon, and saw 1 of its levels.

You collected 25 gold pieces.

Inventory:

Hand Weapons
 a - a +1 dagger (weapon)
Armour
 b - a +0 robe (worn)
Magical Staves
 d - a staff of air
Scrolls
 e - a scroll of noise {unknown}
Potions
 c - 2 potions of invisibility
 f - a potion of cancellation {unknown}


   Skills:
 + Level 1.1 Short Blades
 + Level 1.7 Dodging
 + Level 3.8 Stealth
 + Level 2.4 Spellcasting
 + Level 3.1 Hexes


You had 5 spell levels left.
You didn't know any spells.
Your spell library contained the following spells:

 Spells                   Type           Power      Damage    Failure   Level
 Ensorcelled Hibernation  Hex/Ice        12%        N/A       17%         2
 Confusing Touch          Hex            11%        N/A       17%         3
 Tukima's Dance           Hex            11%        N/A       17%         3
 Dazzling Flash           Conj/Hex       12%        N/A       32%         3


Dungeon Overview and Level Annotations

Branches:
Dungeon (1/15)

Altars:


Innate Abilities, Weirdness & Mutations

You have extremely sharp teeth.
Your natural rate of healing is unusually fast.
When hurt, damage is shared between your health and your magic reserves.
Your bite disrupts and absorbs the magic of your enemies.
Potions cannot restore your health.


Message History

The ball python grabs you. The ball python constricts you.
You hit the ball python. You bite the ball python. You drain its power.
The ball python is severely wounded.
The jackal bites you. The ball python barely misses you.
The ball python constricts you.
The jackal bites you but does no damage.
You hit the ball python but do no damage.
The ball python is heavily wounded.
The jackal bites you.
The ball python bites you but does no damage.
The ball python constricts you.
You hit the ball python.
The ball python is severely wounded.
The jackal bites you. The ball python bites you.
The ball python constricts you.
Unknown command.
You closely miss the ball python.
The ball python is severely wounded.
The jackal bites you but does no damage.
The ball python bites you. The ball python constricts you.
Unknown command.
You closely miss the ball python.
The ball python is severely wounded.
The jackal bites you. The ball python bites you.
The ball python constricts you. The jackal bites you.
* * * LOW HITPOINT WARNING * * *
Unknown command.
You hit the ball python.
You kill the ball python!
The jackal bites you.
* * * LOW HITPOINT WARNING * * *
Unknown command.
You hit the jackal. You bite the jackal, but do no damage.
The jackal is heavily wounded.
The jackal completely misses you.
Unknown command.
You hit the jackal but do no damage. You bite the jackal, but do no damage.
The jackal is heavily wounded.
The jackal bites you.
You die...

...'...'....#.#
...#...######†####
####...# #......#
#...# #......#
#...# #......#
##### ###'####
#.#### #....#
#.##@# #.#!h...#
#..[.#..#
#...##..# #... .#
#### ##


You could see a jackal.

Vanquished Creatures
  A bat (D:1)
  An endoplasm (D:1)
  A giant cockroach (D:1)
  4 jackals (D:1)
  2 ball pythons (D:1)
  A kobold (D:1)
  2 rats (D:1)
12 creatures vanquished.

Notes
Turn   | Place    | Note
-------+----------+-------------------------------------------
     0 | D:1      | AeshMezareph the Vine Stalker Enchanter began the quest for
                  | the Orb.
     0 | D:1      | Reached XP level 1. HP: 9/9 MP: 4/4
    62 | D:1      | Reached skill level 1 in Short Blades
   229 | D:1      | Reached XP level 2. HP: 13/13 MP: 6/6
   323 | D:1      | Slain by a jackal

Illustrated notes

Levels and vault maps discovered:
D:1:      giann_forest_graveyard, layout_basic, minmay_tromino_v2

Skill      XL: |  1 |
---------------+----+-----
Short Blades   | 1 |  1.1
Dodging        | |  1.7
Stealth        | |  3.8
Spellcasting   | |  2.4
Hexes          | |  3.1

Action                     || total
---------------------------++-------
  Melee: Dagger            ||    40
         Bite              ||    13
   Stab: Sleeping          ||     1
 Armour: Robe              ||    35
  Dodge: Dodged            ||    23

Table legend: (Time is in decaauts)
 A = Elapsed time spent in this place.
 B = Non-inter-level travel time spent in this place.
 C = Inter-level travel time spent in this place.
 D = Time resting spent in this place.
 E = Time spent auto-exploring this place.
 F = Levels seen in this place.
 G = Mean time per level.
                   A        B        C        D        E       F      G
               +--------+--------+--------+--------+--------+-----+--------+
         Total |    320 |    320 |      0 |      0 |    237 |   1 |  320.0 |
       Dungeon |    320 |    320 |      0 |      0 |    237 |   1 |  320.0 |
               +--------+--------+--------+--------+--------+-----+--------+

Top non-repeatable levels by time:
     D:1: 320 daAuts
